 Dungeon Crawl Stone Soup version 0.28-a0-8-g6e044cfa68 (webtiles) character file.

Game seed: 15316629138257565499

40565 gimp the Basher (level 14, -8/101 HPs)
             Began as a Formicid Wanderer on July 23, 2021.
             Was the Champion of Okawaru.
             Mangled by Rupert (30 damage)
             ... on level 6 of the Lair of Beasts on July 24, 2021.
             The game lasted 00:34:45 (19161 turns).

gimp the Basher (Formicid Wanderer)                Turns: 19161, Time: 00:34:46

Health: -8/101     AC: 25    Str: 26    XL:     14   Next: 45%
Magic:  0/20       EV: 14    Int: 19    God:    Okawaru [******]
Gold:   1016       SH: 15    Dex: 20    Spells: 15/15 levels left

rFire   + + +      SeeInvis +   a - +8 dire flail of Untruth {venom, Int+6 Dex+3}
rCold   . . .      Faith    .   k - +1 kite shield {rF+}
rNeg    + + .      Spirit   +   G - +0 plate armour
rPois   .          Reflect  .   (helmet unavailable)
rElec   .          Harm     .   s - +1 cloak
rCorr   .          Rampage  .   w - +0 pair of gloves
Will    +....                   f - +1 pair of boots
Stlth   ..........              x - amulet of guardian spirit
HPRegen 0.26/turn               L - ring of False Hope {+Blink rF++ rN++ Dex+6}
MPRegen 0.17/turn               C - +6 ring of strength

@: lethally poisoned (-8 -> -9), heroic, finesse-ful
A: permanent stasis, dig shafts and tunnels, antennae 3, four strong arms
a: Dig, Shaft Self, Renounce Religion, Heroism, Finesse


You were on level 6 of the Lair of Beasts.
You worshipped Okawaru.
Okawaru was exalted by your worship.
You visited 3 branches of the dungeon, and saw 16 of its levels.

You collected 1016 gold pieces.

Inventory:

Hand Weapons
 a - the +8 dire flail of Untruth (weapon) {venom, Int+6 Dex+3}
   (Okawaru gifted it to you on level 1 of the Lair of Beasts)

   It poisons the flesh of those it strikes.
   Int:       It affects your intelligence (+6).
   Dex:       It affects your dexterity (+3).
 b - a +0 shortbow
 g - a +4 morningstar
 h - a +2 spear of flaming
Missiles
 o - 12 atropa-tipped darts
 p - 99 poisoned darts (quivered)
 u - 332 arrows
Armour
 f - a +1 pair of boots (worn)
 k - a +1 kite shield of fire resistance (worn)
 s - a +1 cloak (worn)
 w - a +0 pair of gloves (worn)
 G - a +0 plate armour (worn)
Jewellery
 n - a ring of protection from fire
 x - an amulet of guardian spirit (around neck)
 C - a +6 ring of strength (right hand)
 L - the ring of False Hope (left hand) {+Blink rF++ rN++ Dex+6}
   (You found it on level 4 of the Lair of Beasts)

   [ring of dexterity]

   Dex:       It affects your dexterity (+6).
   rF:        It greatly protects you from fire.
   rN:        It greatly protects you from negative energy.
   +Blink:    It lets you blink.
Wands
 j - a wand of charming (16)
 q - a wand of iceblast (19)
 r - a wand of flame (26)
 E - a wand of digging (7)
 J - a wand of mindburst (23)
 K - a wand of paralysis (8)
Scrolls
 e - a scroll of holy word
 l - 3 scrolls of enchant weapon
 m - 5 scrolls of fog
 y - 7 scrolls of identify
 z - 3 scrolls of fear
 B - 2 scrolls of brand weapon
 H - 2 scrolls of magic mapping
 I - a scroll of enchant armour
Potions
 c - 2 potions of might
 i - 2 potions of magic
 t - 4 potions of cancellation
 v - 2 potions of curing
 D - a potion of ambrosia
 F - 2 potions of mutation


   Skills:
 + Level 6.8(11.8) Fighting
 - Level 14.0(19.0) Maces & Flails
 + Level 8.8(13.8) Bows
 - Level 1.0(6.0) Throwing
 - Level 12.0(17.0) Armour
 + Level 4.8(9.8) Dodging
 - Level 2.4(7.4) Stealth
 * Level 6.7(11.7) Shields
 - Level 2.0(7.0) Unarmed Combat
 - Level 1.1 Spellcasting
 - Level 1.0 Ice Magic
 - Level 4.0 Poison Magic
 - Level 8.0 Invocations


You had 15 spell levels left.
You didn't know any spells.
Your spell library contained the following spells:

 Spells                   Type           Power      Damage    Failure   Level
 Freeze                   Ice            16%        1d4       58%         1
 Apportation              Tloc           2%         N/A       73%         1
 Ensorcelled Hibernation  Hex/Ice        4%         N/A       80%         2
 Spider Form              Tmut/Pois      4%         N/A       82%         3
 Slow                     Hex            1%         N/A       86%         2
 Ozocubu's Armour         Ice            4%         N/A       91%         3
 Confusing Touch          Hex            1%         N/A       97%         3
 Gell's Gravitas          Tloc           0%         N/A       97%         3
 Lesser Beckoning         Tloc           0%         N/A       97%         3
 Teleport Other           Tloc           1%         N/A       97%         3
 Vampiric Draining        Necr           0%         2d6       97%         3
 Cause Fear               Hex            0%         N/A       100%        4
 Yara's Violent Unravell  Hex/Tmut       0%         3d3       100%        5
 Shadow Creatures         Summ           N/A        N/A       100%        6
 Dragon Form              Tmut           0%         N/A       100%        7
 Dragon's Call            Summ           0%         N/A       100%        9


Dungeon Overview and Level Annotations

Branches:
Dungeon (9/15)             Temple (1/1) D:6            Lair (6/6) D:9
  Swamp (0/4) Lair:2        Snake (0/4) Lair:3        Slime (0/5) Lair:5
    Orc: D:9-12

Altars:
Ashenzari
Cheibriados
Dithmenos
Elyvilon
Fedhas
Gozag
Hepliaklqana
Kikubaaqudgha
Makhleb
Nemelex Xobeh
Okawaru
Qazlal
Ru
Sif Muna
Trog
Uskayaw
Vehumet
Wu Jian
Xom
Yredelemnul
Zin
The Shining One
Jiyva

Shops:
D:3 (

Annotations:
Lair:2 2 transporters, exclusion: ice statue, Zihow's ghost, journeyman DgIE
Lair:5 exclusion: 4 oklob plants
Lair:6 Rupert


Innate Abilities, Weirdness & Mutations

You cannot be hasted, slowed, berserked, paralysed or teleported.
You can dig through walls and to a lower floor.
You have a pair of large antennae on your head. (SInv)
Your four strong arms can wield two-handed weapons with a shield.


Message History

You feel sick.
You impale Rupert!!
Rupert is severely wounded.
Rupert hits you but does no damage.
You are electrocuted!
You take 12 damage, and have 42/101 hp.
You now have 8/20 mp.
You feel sick.
You take 1 damage, and have 41/101 hp.
Okay, then.
Okay, then.
Aiming: Iceblast
Press: ? - help, Shift-Dir - straight line, f - plant
Aim: a plant
Okay, then.
You hit Rupert.
Rupert looks as sick as possible!
Rupert is severely wounded.
Rupert hits you with a +0 battleaxe of electrocution!!
* * * LOW HITPOINT WARNING * * *
You take 18 damage, and have 23/101 hp.
You now have 4/20 mp.
Aiming: Iceblast
Press: ? - help, Shift-Dir - straight line, f - plant
Aim: a plant The mass of ice explodes!
The iceblast engulfs the plant!
The plant begins to die.
The plant is lightly damaged.
The iceblast engulfs Rupert!!
Rupert is severely wounded.
You feel sick. You block Rupert's attack.
You take 1 damage, and have 22/101 hp.
Aiming: Iceblast
Press: ? - help, Shift-Dir - straight line, f/p - plant
Aim: a plant (lightly damaged, withering away)
The mass of ice explodes!
The iceblast engulfs the plant!!
The plant is lightly damaged.
The iceblast engulfs Rupert!!
Rupert is almost dead.
You feel sick.
You hear a roar!
You hear an angry hiss.
You block Rupert's attack.
Rupert hits you with a +0 battleaxe of electrocution!!
You die...

.. ... ##...###
....##.. ##.....
###..##P.## ###......
#....##...###...8†...
##...###.P.#....†...8
#.#.....(........8...
##.....(....†........
#...P.#..P.....8.....
#(P.@###....†........
###@###..............
#.##.F##†.........#.#..
#.P........?.#....####
<..............!##...##
..(......P.....#.#.PPP#
.#P..<...#......#....P#
#...P.###(#.####...###
##.P.# ###..##.#..#


You could see Rupert (berserk, extremely poisoned) and a cane toad.

Vanquished Creatures
  Snorg (Lair:6)
  4 hydras
  3 catoblepae
  A death yak (Lair:6)
  A lindwurm (Lair:3)
  8 elephants
  4 black mambas
  11 cane toads
  12 komodo dragons
  5 rime drakes
  A polar bear (Lair:5)
  3 hornets (Lair:4)
  3 trolls (D:9)
  14 blink frogs
  Sigmund (D:6)
  3 wyverns
  58 yaks
  12 spriggans (Lair:4)
  7 basilisks
  A steam dragon (D:9)
  17 water moccasins
  Duvessa (D:4)
  An orc warrior (D:9)
  2 necrophages
  4 black bears
  3 boggarts (Lair:4)
  An ogre (D:5)
  5 wolves
  7 centaurs
  2 phantoms
  14 bullfrogs
  Dowan (D:4)
  A water moccasin zombie (D:5)
  2 scorpions (D:6)
  3 killer bees (D:9)
  6 wights
  A centaur zombie (D:8)
  2 hounds
  An orc priest (D:7)
  A gnoll shaman (D:9)
  4 jellies
  A bullfrog skeleton (D:5)
  Natasha (D:3)
  2 iguanas
  7 orc wizards
  4 hell rats (Lair:2)
  A killer bee zombie (D:9)
  A hound skeleton (D:4)
  5 adders
  9 gnolls
  A white imp (D:8)
  An adder skeleton (D:4)
  2 worms (D:2)
  6 dart slugs
  20 orcs
  9 endoplasms
  3 giant cockroaches
  6 goblins
  6 hobgoblins
  6 jackals (D:2)
  7 quokkas
  7 ball pythons
  2 bats
  3 frilled lizards
  2 goblin skeletons (D:8)
  2 goblin zombies (D:8)
  A hobgoblin zombie (D:8)
  12 kobolds
  3 kobold zombies (D:8)
  An orc skeleton (D:8)
  8 rats
371 creatures vanquished.

Vanquished Creatures (others)
  A bullfrog (D:7)
  2 bushes
  28 fungi
  38 plants
69 creatures vanquished.

Grand Total: 440 creatures vanquished

Notes
Turn   | Place    | Note
-------+----------+-------------------------------------------
     0 | D:1      | gimp the Formicid Wanderer began the quest for the Orb.
     0 | D:1      | gimp set off with the following items: a +2 dagger, a
                  | curare-tipped dart, a +0 robe; and the following spells
                  | available to memorise: Freeze, Apportation, Ozocubu's
                  | Armour, Lesser Beckoning
     0 | D:1      | Reached XP level 1. HP: 13/13 MP: 2/2
    45 | D:1      | Reached skill level 1 in Fighting
   172 | D:1      | Reached XP level 2. HP: 21/21 MP: 3/3
   294 | D:1      | Reached skill level 1 in Armour
   521 | D:1      | Reached XP level 3. HP: 26/27 MP: 4/4
   962 | D:2      | Reached skill level 1 in Maces & Flails
  1152 | D:2      | Reached XP level 4. HP: 26/33 MP: 5/5
  2106 | D:3      | Reached skill level 2 in Maces & Flails
  2106 | D:3      | Reached XP level 5. HP: 36/39 MP: 6/6
  2127 | D:3      | Found a faded altar of an unknown god.
  2153 | D:3      | Found a sparkling altar of Nemelex Xobeh.
  2340 | D:3      | Found Offas's Weapon Shoppe.
  2622 | D:4      | Noticed Natasha
  2633 | D:3      | Killed Natasha
  2770 | D:4      | Noticed Duvessa
  2770 | D:4      | Noticed Dowan
  2792 | D:4      | Killed Duvessa
  2793 | D:4      | Reached skill level 3 in Maces & Flails
  2793 | D:4      | Reached XP level 6. HP: 20/47 MP: 7/7
  2808 | D:5      | Entered Level 5 of the Dungeon
  3020 | D:4      | Killed Dowan
  3143 | D:4      | Reached XP level 7. HP: 52/52 MP: 8/8
  3328 | D:4      | Reached skill level 4 in Maces & Flails
  3558 | D:4      | Found a shadowy altar of Dithmenos.
  3621 | D:4      | Reached skill level 5 in Armour
  4138 | D:5      | Reached XP level 8. HP: 51/60 MP: 9/9
  4209 | D:5      | Found a basalt altar of Yredelemnul.
  4347 | D:5      | Reached skill level 5 in Maces & Flails
  5022 | D:6      | Reached skill level 1 in Bows
  5223 | D:6      | Found an ancient bone altar of Kikubaaqudgha.
  5223 | D:6      | Found a snail-covered altar of Cheibriados.
  5296 | D:6      | Reached skill level 6 in Maces & Flails
  5319 | D:6      | Found a staircase to the Ecumenical Temple.
  5365 | D:6      | Reached skill level 5 in Fighting
  5369 | Temple   | Entered the Ecumenical Temple
  5593 | Temple   | Became a worshipper of Warmaster Okawaru
  5691 | D:6      | Noticed Sigmund
  5699 | D:6      | Killed Sigmund
  5700 | D:6      | Reached skill level 1 in Invocations
  5700 | D:6      | Reached XP level 9. HP: 68/68 MP: 10/10
  6804 | D:8      | Reached * piety under Okawaru
  6961 | D:8      | Reached skill level 7 in Maces & Flails
  7157 | D:8      | Identified the +1 helmet of Free Will {+Blink rElec Stlth+}
  7342 | D:8      | Found a glowing golden altar of the Shining One.
  7924 | D:9      | Reached skill level 1 in Dodging
  7964 | D:9      | Reached ** piety under Okawaru
  8006 | D:9      | Reached XP level 10. HP: 47/74 MP: 8/12
  8181 | D:9      | Reached skill level 8 in Maces & Flails
  8794 | D:9      | Reached *** piety under Okawaru
  9116 | D:9      | Reached skill level 5 in Invocations
  9520 | D:9      | Found a staircase to the Lair.
  9718 | Lair:1   | Entered Level 1 of the Lair of Beasts
  9718 | Lair:1   | Noticed a cane toad
  9735 | D:9      | Reached skill level 9 in Maces & Flails
  9813 | Lair:1   | Killed a cane toad
  9819 | Lair:1   | Reached **** piety under Okawaru
  9843 | Lair:1   | Reached XP level 11. HP: 31/79 MP: 7/15
 10188 | Lair:1   | Received a gift from Okawaru
 10301 | Lair:1   | Reached skill level 10 in Maces & Flails
 10555 | Lair:1   | Found a blossoming altar of Fedhas.
 10934 | Lair:1   | Reached skill level 5 in Bows
 11235 | Lair:1   | Reached ***** piety under Okawaru
 11235 | Lair:1   | Received a gift from Okawaru
 12004 | Lair:1   | Identified the +8 dire flail of Untruth {venom, Int+6
                  | Dex+3} (Okawaru gifted it to you on level 1 of the Lair of
                  | Beasts)
 12004 | Lair:1   | Received a gift from Okawaru
 12382 | Lair:2   | Found a transporter.
 12424 | Lair:2   | Noticed a catoblepas
 12438 | Lair:2   | Killed a catoblepas
 12439 | Lair:2   | Reached skill level 11 in Maces & Flails
 12471 | Lair:2   | Reached XP level 12. HP: 81/86 MP: 17/17
 12502 | Lair:2   | Received a gift from Okawaru
 12526 | Lair:2   | Reached skill level 10 in Armour
 12637 | Lair:2   | Noticed Zihow's ghost (journeyman DgIE)
 12638 | Lair:2   | Noticed a seven-headed hydra
 12800 | Lair:2   | Found a staircase to the Swamp.
 13017 | Lair:2   | Received a gift from Okawaru
 13021 | Lair:2   | Reached skill level 12 in Maces & Flails
 13176 | Lair:2   | Found the +8 longbow "Zephyr" {speed, Dex+3 SInv}
 13318 | Lair:2   | Found a transporter.
 13352 | Lair:2   | Identified the +3 ring mail of Okawaru's Supremacy {Str+3}
                  | (Okawaru gifted it to you on level 2 of the Lair of Beasts)
 13352 | Lair:2   | Received a gift from Okawaru
 13380 | Lair:2   | Noticed a five-headed hydra
 13395 | Lair:2   | Killed a five-headed hydra
 13612 | Lair:3   | Found a staircase to the Snake Pit.
 13640 | Lair:3   | Reached XP level 13. HP: 68/91 MP: 14/19
 13664 | Lair:3   | Reached skill level 13 in Maces & Flails
 13977 | Lair:3   | Noticed a seven-headed hydra
 13985 | Lair:3   | Killed a seven-headed hydra
 14240 | Lair:3   | Reached ****** piety under Okawaru
 15027 | Lair:4   | Identified the ring of False Hope {+Blink rF++ rN++ Dex+6}
 15300 | Lair:4   | Received a gift from Okawaru
 15683 | Lair:3   | Noticed a catoblepas
 15689 | Lair:3   | Killed a catoblepas
 15690 | Lair:3   | Reached skill level 14 in Maces & Flails
 15839 | Lair:4   | Received a gift from Okawaru
 16001 | Lair:4   | Reached skill level 1 in Shields
 16555 | Lair:4   | Reached XP level 14. HP: 98/98 MP: 20/20
 17186 | Lair:5   | Found a staircase to the Slime Pits.
 17272 | Lair:5   | Found a viscous altar of Jiyva.
 17458 | Lair:5   | Reached skill level 5 in Shields
 17763 | Lair:5   | Found the +13 scythe of Curses {drain, Drain}
 18863 | Lair:6   | Entered Level 6 of the Lair of Beasts
 18992 | Lair:6   | Received a gift from Okawaru
 19121 | Lair:6   | Noticed Snorg
 19125 | Lair:6   | Noticed Rupert
 19140 | Lair:6   | Killed Snorg
 19161 | Lair:6   | Mangled by Rupert

Illustrated notes

Levels and vault maps discovered:
D:1:      scummos_arrival_star, layout_basic, chequers_serial_rivers_micro_c,
          serial_park_tiny_1, minmay_small_reverse_x
D:2:      layout_loops_ring, minmay_increasing_density
D:3:      layout_rooms, mainiacjoe_overflow_chevrons, serial_shops,
          nicolae_lakefront_shop, ebering_ecumenical_altar_petrified,
          minmay_misc_feat_hallway, minmay_cupped
D:4:      layout_loops_ring, nicolae_dithmenos_shadow_blocks, serial_forest,
          infiniplex_forest_clump_diagonal, infiniplex_forest_clump_double,
          infiniplex_forest_clump_medium, infiniplex_forest_clump_small,
          infiniplex_forest_lined_corner, uniq_natasha, uniq_duvessa
D:5:      layout_rooms, mainiacjoe_overflow_surrounded_room
D:6:      layout_rooms, gammafunk_temple_overflow_pools,
          minmay_temple_entry_water_ring, uniq_sigmund
D:7:      layout_loops_ring, minmay_misc_feat_tiny, lemuel_old_faithful
D:8:      layout_basic, nicolae_tso_besieged_by_evil
D:9:      layout_loops_corners, grunt_lair_entry_orc_guard_hut
Temple:   eino_temple_scatter_basement
Lair:1:   layout_gridlike, lemuel_centaur_altar
Lair:2:   layout_long_grid, swamp_mist, nzn_ghost_randoct
Lair:3:   layout_long_grid, dummy_snake_entry, kennysheep_catoblepas_arena,
          serial_bayou_shore_b
Lair:4:   kb_forest_paths, layout_long_grid, beast_lair_carwin_6,
          infiniplex_staircase_pool_2
Lair:5:   layout_small_grid, slime_altar_1, minmay_lair_oklob_chamber
Lair:6:   evilmike_catoblepas_cave, layout_loops_ring, uniq_snorg, uniq_rupert

Skill      XL: |  1  2  3  4  5  6  7  8  9 10 11 12 13 14 |
---------------+-------------------------------------------+-----
Fighting       | 1 2 3 4 5 6 |  6.8
Armour         | 1 2 3 4 5 7 8 9 10 12 | 12.0
Maces & Flails | 1 2 3 4 6 7 9 11 12 14 | 14.0
Bows           | 1 3 4 5 7 8 |  8.8
Invocations    | 1 3 5 7 8 |  8.0
Dodging        | 1 3 4 |  4.8
Shields        | 3 6 |  6.7
Throwing       | |  1.0
Stealth        | |  2.4
Unarmed Combat | |  2.0
Spellcasting   | |  1.1
Ice Magic      | |  1.0
Poison Magic   | |  4.0

Action                   |  1- 3 |  4- 6 |  7- 9 | 10-12 | 13-15 || total
-------------------------+-------+-------+-------+-------+-------++-------
Melee: Dagger            |    93 |       |       |       |       ||    93
       Spear             |    56 |   155 |    17 |       |       ||   228
       Punch             |       |     3 |     1 |    13 |     5 ||    22
       Flail             |       |       |   319 |   284 |       ||   603
       Dire flail        |       |       |       |   228 |   423 ||   651
       Shortbow          |       |       |       |       |     4 ||     4
 Fire: Shortbow          |       |       |     3 |    39 |    66 ||   108
Throw: Dart              |       |     5 |     1 |     1 |       ||     7
Invok: Heroism           |       |       |     1 |     7 |     6 ||    14
       Finesse           |       |       |       |       |     1 ||     1
 Abil: Dig               |       |     6 |     4 |     7 |     1 ||    18
Evoke: Wand              |       |       |       |       |     2 ||     2
  Use: Potion            |     3 |     1 |       |     2 |     2 ||     8
       Scroll            |       |       |    18 |     1 |     2 ||    21
 Stab: Petrified         |       |       |       |       |     2 ||     2
Armor: Chain mail        |   102 |   106 |   188 |    52 |       ||   448
       Robe              |     2 |       |       |       |       ||     2
       Plate armour      |       |       |       |   178 |   148 ||   326
Dodge: Dodged            |    40 |    56 |   185 |   288 |   150 ||   719
Block: Kite shield       |       |       |       |       |   120 ||   120

Table legend: (Time is in decaauts)
 A = Elapsed time spent in this place.
 B = Non-inter-level travel time spent in this place.
 C = Inter-level travel time spent in this place.
 D = Time resting spent in this place.
 E = Time spent auto-exploring this place.
 F = Levels seen in this place.
 G = Mean time per level.
                   A        B        C        D        E       F      G
               +--------+--------+--------+--------+--------+-----+--------+
         Total |  18976 |  18538 |    438 |   1497 |  13939 |  16 | 1186.0 |
       Dungeon |   9575 |   9288 |    287 |    190 |   7304 |   9 | 1063.9 |
        Temple |    241 |    218 |     23 |      0 |    216 |   1 |  241.0 |
          Lair |   9159 |   9031 |    128 |   1307 |   6418 |   6 | 1526.5 |
               +--------+--------+--------+--------+--------+-----+--------+

Top non-repeatable levels by time:
  Lair:1: 2481 daAuts
  Lair:5: 2009 daAuts
     D:9: 1888 daAuts
  Lair:4: 1670 daAuts
  Lair:3: 1443 daAuts
     D:4: 1356 daAuts
     D:8: 1293 daAuts
  Lair:2: 1286 daAuts
     D:2: 1196 daAuts
     D:1: 938 daAuts
     D:5: 910 daAuts
     D:7: 789 daAuts
     D:3: 659 daAuts
     D:6: 542 daAuts
  Lair:6: 269 daAuts
